 Dungeon Crawl Stone Soup version 0.21.1-1-g345015f (webtiles) character file.

22 prawnwizard the Caller (level 2, -2/19 HPs)
             Began as a Merfolk Summoner on July 9, 2018.
             Slain by an adder (5 damage)
             ... on level 2 of the Dungeon.
             The game lasted 00:03:16 (1655 turns).

prawnwizard the Caller (Merfolk Summoner)           Turns: 1655, Time: 00:03:16

Health: -2/19      AC:  2    Str:  8    XL:     2   Next: 91%
Magic:  5/5        EV: 13    Int: 14    God:
Gold:   84         SH:  0    Dex: 14    Spells: 4/5 levels left

rFire    . . .     SeeInvis .   p - +0 dagger (venom)
rCold    . . .     Gourm    .   (no shield)
rNeg     . . .     Faith    +   a - +0 robe
rPois    .         Spirit   .   (no helmet)
rElec    .         Reflect  .   (no cloak)
rCorr    .         Harm     .   (no gloves)
MR       .....                  (no boots)
Stlth    ++........             h - amulet of faith
HPRegen  0.06/turn              (no ring)
MPRegen  0.09/turn              (no ring)

@: lethally poisoned (-2 -> -5)
A: change form in water, swift swim, stealthy swim
a: no special abilities


You were on level 2 of the Dungeon.
You were not hungry.

You visited 1 branch of the dungeon, and saw 2 of its levels.

You collected 84 gold pieces.

Inventory:

Hand Weapons
 p - a +0 dagger of venom (weapon)
Armour
 a - a +0 robe (worn)
Jewellery
 h - an amulet of faith (around neck)
Scrolls
 d - 3 scrolls of identify {unknown}
 e - a scroll of enchant armour {unknown}
 f - a scroll of amnesia {unknown}
 l - 3 scrolls of remove curse {unknown}
 m - 2 scrolls of magic mapping {unknown}
Potions
 g - a potion of degeneration {unknown}
 i - a potion of brilliance {unknown}
 j - 2 potions of curing {unknown}
 k - 2 potions of berserk rage {unknown}
 n - a potion of heal wounds {unknown}
 o - a potion of haste {unknown}
 q - a potion of cancellation {unknown}
Books
 b - a book of Callings

   Spells                             Type                      Level
   a - Summon Small Mammal            Summoning                    1
   b - Call Imp                       Summoning                    2
   c - Call Canine Familiar           Summoning                    3
   d - Summon Guardian Golem          Hexes/Summoning              3
   e - Summon Lightning Spire         Summoning/Air                4
   f - Summon Ice Beast               Ice/Summoning                4
Comestibles
 c - 3 rations
 r - 2 chunks of flesh


   Skills:
 + Level 0.1 Fighting
 - Level 2.6 Dodging
 - Level 2.1 Stealth
 + Level 0.5 Unarmed Combat
 + Level 2.0 Spellcasting
 * Level 4.7 Summonings


You had 4 spell levels left.
You knew the following spells:

 Your Spells              Type           Power        Failure   Level  Hunger
a - Summon Small Mammal   Summ           ##..         3%          1    ##.....


Dungeon Overview and Level Annotations

Branches:
Dungeon (2/15)

Altars:


Message History

Your bat hits the ball python.
Your bat closely misses the ball python.
You feel sick.
Your bat misses the ball python.
Your bat closely misses the ball python.
The ball python bites your bat.
The ball python closely misses your bat.
Your bat hits the ball python. Your bat hits the ball python.
Your bat hits the ball python.
The ball python dies!
The adder closely misses you.
Your bat barely misses the ball python.
Your bat misses the ball python.
You feel sick.
Your bat barely misses the ball python. x2
Your bat closely misses the ball python.
There are monsters nearby!
You hit the adder.
The adder is poisoned.
The adder is moderately wounded.
Your bat closely misses the ball python. x2
The adder bites you.
You die...

........# #... ..#.##..#
#....#.#.# #### #.#>##...
......#### #. #.#.###.#
.......#.# #. #.#.# #.. ..###.#<#
#. ####.#.# #.# ...##.#.######.#
#...#..###.. ....#.#........###
#.##...#....
.........#############.##..)..###
..>......# ##@S.....##.#.#.#
........## ##S########.....#
#.#.#...# #.# #.#.#.# ........#
#b# #.....# ...#....# #.# #.###.#
.......## ######S## #. .#
.......# #.......# .. ## ..#.##.#
##.####.# ..#.##.# #.## #.####


You could see an adder, 2 ball pythons and a friendly bat.

Vanquished Creatures
  A dart slug (D:1)
  4 hobgoblins
  2 kobolds (D:1)
  A ball python (D:1)
  2 bats
  3 frilled lizards (D:2)
  2 goblins (D:1)
  A rat (D:1)
16 creatures vanquished.

Vanquished Creatures (collateral kills)
  A dart slug (D:1)
  2 giant cockroaches (D:1)
  A goblin (D:1)
  A hobgoblin (D:1)
  4 jackals (D:1)
  A ball python (D:2)
10 creatures vanquished.

Grand Total: 26 creatures vanquished

Notes
Turn   | Place    | Note
-------+----------+-------------------------------------------
     0 | D:1      | prawnwizard the Merfolk Summoner began the quest for the Orb.
     0 | D:1      | Reached XP level 1. HP: 13/13 MP: 3/3
   735 | D:1      | Reached XP level 2. HP: 16/19 MP: 1/5
  1655 | D:2      | Slain by an adder

Action                   || total
-------------------------++-------
Melee: Unarmed           ||    73
       Dagger            ||    15
 Cast: Summon Small Mamm ||    19
 Stab: Sleeping          ||     4
  Eat: Chunk             ||     3
Armor: Robe              ||    15
Dodge: Dodged            ||    66
